 Dungeon Crawl Stone Soup version 0.25.1-2-g60ff931df9 (webtiles) character file.

Game seed: 240003963111391250

168 H0rd4k the Insei (level 5, -2/33 HPs)
             Began as an Octopode Transmuter on Aug 6, 2020.
             Killed from afar by an orc wizard (6 damage)
             ... with a magic dart
             ... on level 2 of the Dungeon.
             The game lasted 00:03:28 (2988 turns).

H0rd4k the Insei (Octopode Transmuter)              Turns: 2988, Time: 00:03:29

Health: -2/33      AC:  1    Str:  9    XL:     5   Next: 49%
Magic:  9/9        EV: 14    Int: 16    God:
Gold:   114        SH:  0    Dex: 13    Spells: 8/9 levels left

rFire    . . .     SeeInvis .     - Unarmed
rCold    . . .     Gourm    .   (no shield)
rNeg     . . .     Faith    .   (helmet restricted)
rPois    .         Spirit   .   (no amulet)
rElec    .         Reflect  .   (no ring)
rCorr    .         Harm     .   (no ring)
MR       .....                  (no ring)
Stlth    +++.......             (no ring)
HPRegen  0.11/turn              (no ring)
MPRegen  0.11/turn              (no ring)
                                (no ring)
                                (no ring)

@: no status effects
A: almost no armour, stealthy swim, amphibious, 8 rings, constrict 8, camouflage
1, gelatinous body 1
a: no special abilities


You were on level 2 of the Dungeon.
You were hungry.

You visited 1 branch of the dungeon, and saw 3 of its levels.

You collected 114 gold pieces.

Inventory:

Hand Weapons
 l - a +2 hunting sling of flaming
Missiles
 a - 27 arrows
 f - 29 poisoned darts (quivered)
Jewellery
 b - an uncursed ring of positive energy {unknown}
 d - an uncursed ring of resist corrosion
Scrolls
 h - a scroll of random uselessness
 i - 4 scrolls of remove curse
 j - 3 scrolls of identify
 o - a scroll of enchant armour {unknown}
Potions
 e - 2 potions of mutation
 g - a potion of curing
 n - a potion of invisibility {unknown}
Comestibles
 c - 9 rations
 p - 2 chunks of flesh


   Skills:
 + Level 1.1 Fighting
 + Level 2.8 Dodging
 + Level 2.0 Stealth
 + Level 4.5 Unarmed Combat
 * Level 2.6 Spellcasting
 * Level 2.6 Transmutations


You had 8 spell levels left.
You knew the following spells:

 Your Spells              Type           Power        Failure   Level  Hunger
a - Beastly Appendage     Tmut           ##....       6%          1    #......

Your spell library contained the following spells:

 Spells                   Type           Power        Failure   Level  Hunger
 Sticks to Snakes         Tmut           ##......     10%         2    ##.....
 Spider Form              Tmut/Pois      #.........   32%         3    ###....
 Ice Form                 Ice/Tmut       #.......     73%         4    #####..
 Blade Hands              Tmut           ##........   87%         5    ######.


Dungeon Overview and Level Annotations

Branches:
Dungeon (3/15)

Altars:

Annotations:
D:2 exclusion: downstairs


Innate Abilities, Weirdness & Mutations

You cannot wear most types of armour.
You are very stealthy in the water. (Stealth+)
You are amphibious.
You can wear up to eight rings at the same time.
You can use your tentacles to constrict eight enemies at once.
Your skin changes colour to match your surroundings (Stealth+).
Your rubbery body absorbs attacks. (AC +1, EV +1)


Message History

* * * LOW HITPOINT WARNING * * *
There is a stone staircase leading up here.
Saving game... please wait.
Welcome back, H0rd4k the Octopode Transmuter.
Press ? for a list of commands and other information.
Something hits you.
* * * LOW HITPOINT WARNING * * *
Deactivating autopickup; reactivate with Ctrl-A.
You climb upwards.
Level annotation: exclusion: downstairs Reactivating autopickup.
There is a stone staircase leading down here.
It was a potion of curing.
You feel better. Something hits you.
* * * LOW HITPOINT WARNING * * *
Deactivating autopickup; reactivate with Ctrl-A.
Something hits you but does no damage.
You hear some strange, mumbled words.
A magic dart appears from out of thin air!
The magic dart hits you.
You die...

#........# #.###....#
###.# #....# #<#.#
###..# #### #.#.# ##.#
...# #...### #.# ...#
##....####.## ...#
#..........# ...#
###....####@.# ...#
#..........{># ...#
#..........######## ...#
#...##.##.........# ...#
#...##.......)....#
...###...#####.........#
...##..................#
...##.....####.........#
...##.....# ###########


There were no monsters in sight!

Vanquished Creatures
  An orc priest (D:3)
  Natasha (D:2)
  4 adders
  An ooze (D:2)
  3 worms (D:2)
  3 dart slugs
  A leopard gecko (D:2)
  An orc (D:3)
  3 giant cockroaches
  11 goblins
  5 hobgoblins
  5 bats
  9 frilled lizards
  4 kobolds (D:1)
  9 rats
61 creatures vanquished.

Notes
Turn   | Place    | Note
-------+----------+-------------------------------------------
     0 | D:1      | H0rd4k the Octopode Transmuter began the quest for the Orb.
     0 | D:1      | Reached XP level 1. HP: 13/13 MP: 3/3
   359 | D:1      | Reached XP level 2. HP: 18/18 MP: 5/5
   874 | D:1      | Reached XP level 3. HP: 21/23 MP: 6/6
  1661 | D:2      | Reached skill level 1 in Stealth
  1953 | D:2      | Reached XP level 4. HP: 22/28 MP: 5/7
  2084 | D:2      | Reached skill level 4 in Unarmed Combat
  2575 | D:2      | You fall into a shaft and drop 1 floor!
  2798 | D:2      | Noticed Natasha
  2814 | D:2      | Killed Natasha
  2814 | D:2      | Reached XP level 5. HP: 31/33 MP: 6/8
  2985 | D:3      | HP: 1/33 [something (3)]
  2988 | D:2      | Killed from afar by an orc wizard

Illustrated notes

Levels and vault maps discovered:
D:1:      tarquinn_simple_flora_water_d, layout_basic, interstate_on_off,
          minmay_misc_feat_rugged, minmay_lizard_pond
D:2:      layout_basic, uniq_natasha
D:3:      layout_loops_ring, mrwooster_statue_mirror

Skill      XL: |  1  2  3  4  5 |
---------------+----------------+-----
Stealth        | 1 2 |  2.0
Unarmed Combat | 4 |  4.5
Fighting       | |  1.1
Dodging        | |  2.8
Spellcasting   | |  2.6
Transmutations | |  2.6

Action                   |  1- 3 |  4- 6 || total
-------------------------+-------+-------++-------
Melee: Unarmed           |    95 |    56 ||   151
       Constrict         |    25 |    11 ||    36
       Tentacles         |    12 |    10 ||    22
       Punch             |     1 |     1 ||     2
       Kick              |     2 |     8 ||    10
 Cast: Beastly Appendage |     1 |     6 ||     7
  Use: Scroll            |       |     5 ||     5
       Potion            |       |     1 ||     1
 Stab: Sleeping          |     5 |     2 ||     7
  Eat: Chunk             |     2 |     4 ||     6
Armor: Skin              |     3 |     7 ||    10
Dodge: Dodged            |    58 |    42 ||   100
